 Dungeon Crawl Stone Soup version 0.30-a0-918-g0ff054e9dc (webtiles) character file.

Game seed: 17304768018736972005

65 Newt the Shooter (level 4, 0/30 HPs)
             Began as a Kobold Hunter on Mar 20, 2023.
             Slain by a gnoll
             ... wielding a +0 whip
              (6 damage)
             ... on level 2 of the Dungeon.
             The game lasted 00:01:12 (1125 turns).

Newt the Shooter (Kobold Hunter)                    Turns: 1125, Time: 00:01:13

Health: 0/30       AC:  3    Str:  8    XL:     4   Next: 35%
Magic:  4/4        EV: 14    Int: 10    God:
Gold:   101        SH:  0    Dex: 20    Spells: 3/3 levels left

rFire   . . .      SeeInvis .    a - +0 shortbow
rCold   . . .      Faith    .    (shield currently unavailable)
rNeg    . . .      Spirit   .    c - +0 leather armour
rPois   .          Reflect  .    (no helmet)
rElec   .          Rampage  .    (no cloak)
rCorr   .                        (no gloves)
Will    .....                    (no boots)
Stlth   +++                      (no amulet)
HPRegen 0.25/turn                (no ring)
MPRegen 0.09/turn                (no ring)

@: no status effects
A: small, no large weapons, nightstalker 3
a: no special abilities


You were on level 2 of the Dungeon.
You visited 1 branch of the dungeon, and saw 2 of its levels.

You collected 101 gold pieces.

Inventory:

Hand Weapons
 a - a +0 shortbow (weapon)
Armour
 c - a +0 leather armour (worn)
Scrolls
 b - a scroll of immolation
 d - 2 scrolls of identify {unknown}
 f - a scroll of enchant armour {unknown}
Potions
 e - a potion of berserk rage {unknown}


   Skills:
 + Level 4.7 Fighting
 - Level 5.3 Ranged Weapons
 - Level 2.4 Dodging
 - Level 1.3 Stealth


You had 3 spell levels left.
You didn't know any spells.
Your spell library was empty.

Dungeon Overview and Level Annotations

Branches:
Dungeon (2/15)

Altars:


Innate Abilities, Weirdness & Mutations

You are small and have problems with some larger weapons.
You are completely attuned to the shadows.


Message History

The gnoll hits you with a +0 whip.
You shoot an arrow. The arrow hits the gnoll.
You kill the gnoll!
You hear a shout!
A gnoll comes into view. It is wielding a +0 flail.
You have reached level 4!
You shoot an arrow. The arrow hits the gnoll!
The gnoll is heavily wounded.
The gnoll hits you but does no damage.
You shoot an arrow. The arrow closely misses the gnoll.
The gnoll hits you with a +0 flail!
A gnoll comes into view. It is wielding a +0 whip.
The gnoll shouts!
You are too injured to fight recklessly!
You are too injured to fight recklessly!
You are too injured to fight recklessly!
Unknown command.
You are too injured to fight recklessly!
Things that are here:
a +0 club; a quokka corpse You shoot an arrow.
The arrow hits the gnoll but does no damage.
The gnoll is heavily wounded.
The gnoll hits you with a +0 flail.
You shoot an arrow. The arrow hits the gnoll!
You kill the gnoll!
The gnoll closely misses you.
You shoot an arrow.
The arrow hits the gnoll but does no damage.
The gnoll hits you with a +0 whip!
* * * LOW HITPOINT WARNING * * *
You shoot an arrow. The arrow barely misses the gnoll.
The gnoll barely misses you.
You shoot an arrow.
The arrow hits the gnoll but does no damage.
The gnoll barely misses you.
You shoot an arrow. The arrow hits the gnoll.
The gnoll is heavily wounded.
The gnoll barely misses you. The gnoll hits you with a +0 whip.
You die...

# #.# # #.# #
#.# # #.# #
#.# . # #.#
.# # #.#
#..###.# #
#.# #..#...#
#####.#
#..#@#
......# #
#..#g#
#####.#
#.###...)#
###
#....#......
.####.#######
..........
#####.#####
#.....#
#####.# #####


You could see a gnoll.

Vanquished Creatures
  An adder (D:2)
  2 gnolls (D:2)
  2 dart slugs (D:1)
  3 endoplasms (D:1)
  A giant cockroach (D:2)
  3 goblins
  A hobgoblin (D:2)
  4 jackals (D:1)
  3 kobolds (D:1)
  A quokka (D:2)
  5 ball pythons (D:1)
  A bat (D:1)
  4 frilled lizards (D:1)
  A rat (D:1)
32 creatures vanquished.

Notes
Turn   | Place    | Note
-------+----------+-------------------------------------------
     0 | D:1      | Newt the Kobold Hunter began the quest for the Orb.
     0 | D:1      | Reached XP level 1. HP: 12/12 MP: 1/1
    52 | D:1      | Reached XP level 2. HP: 11/18 MP: 2/2
   459 | D:1      | Reached XP level 3. HP: 23/23 MP: 3/3
   460 | D:1      | Found a faded altar of an unknown god.
  1117 | D:2      | Reached XP level 4. HP: 21/30 MP: 4/4
  1125 | D:2      | Slain by a gnoll

Illustrated notes

Levels and vault maps discovered:
D:1:      scummos_arrival_star, layout_basic, serial_glass, glass_columns_a,
          glass_columns_c, dilly_ecumenical_altar_fadedgnrine,
          minmay_misc_feat_plants, chequers_serial_rivers_micro_e
D:2:      layout_basic, serial_shops, nicolae_shop_trees

Skill      XL: |  1  2  3 |
---------------+----------+-----
Fighting       | 3 4 |  4.7
Ranged Weapons | |  5.3
Dodging        | |  2.4
Stealth        | |  1.3

Action                     |  1- 3 |  4- 6 || total
---------------------------+-------+-------++-------
   Fire: Shortbow          |    68 |     8 ||    76
 Armour: Leather armour    |     8 |     1 ||     9
  Dodge: Dodged            |    36 |     4 ||    40

Table legend: (Time is in decaauts)
 A = Elapsed time spent in this place.
 B = Non-inter-level travel time spent in this place.
 C = Inter-level travel time spent in this place.
 D = Time resting spent in this place.
 E = Time spent auto-exploring this place.
 F = Levels seen in this place.
 G = Mean time per level.
                   A        B        C        D        E       F      G
               +--------+--------+--------+--------+--------+-----+--------+
         Total |   1146 |   1115 |     31 |      0 |    971 |   2 |  573.0 |
       Dungeon |   1146 |   1115 |     31 |      0 |    971 |   2 |  573.0 |
               +--------+--------+--------+--------+--------+-----+--------+

Top non-repeatable levels by time:
     D:1: 840 daAuts
     D:2: 306 daAuts
